 Dungeon Crawl Stone Soup version 0.19-a0-994-g3c636f0 (webtiles) character file.

196 Kurtz the Cudgeler (level 5, -6/41 HPs)
             Began as a Mummy Berserker on July 16, 2016.
             Was a Priest of Trog.
             Mangled by an iguana (8 damage)
             ... on level 3 of the Dungeon.
             The game lasted 00:03:20 (2451 turns).

Kurtz the Cudgeler (Mummy Berserker)                Turns: 2451, Time: 00:03:21

Health: -6/41      AC:  8    Str: 20    XL:     5   Next: 45%
Magic:  5/5        EV:  8    Int:  7    God:    Trog [***...]
Gold:   57         SH:  0    Dex: 12    Spells: 0 memorised, 4 levels left

rFire  . . .     SeeInvis .     g - +0 flail
rCold  + . .     Gourm    .     m - +0 chain mail
rNeg   + + +     Faith    .     (no shield)
rPois  ∞         Spirit   .     (no helmet)
rElec  .         Dismiss  .     (no cloak)
rCorr  .         Reflect  .     (no gloves)
SustAt .         Harm     .     (no boots)
MR     ++...                    (no amulet)
Stlth  ..........               (no ring)
                                e - ring of protection from fire

@: regenerating, very resistant to hostile enchantments, extremely unstealthy
A: no food or potions, fire vulnerability, cold resistance 1, negative energy
resistance 3, torment resistance, unbreathing
a: Trog's Hand, Burn Spellbooks, Renounce Religion


You were on level 3 of the Dungeon.
You worshipped Trog.
Trog was most pleased with you.
You were not hungry.

You visited 1 branch of the dungeon, and saw 3 of its levels.

You collected 57 gold pieces.

Inventory:

Hand Weapons
 a - a +0 mace
 d - a +1 mace of protection
 g - a +0 flail (weapon)
Armour
 b - a +0 animal skin
 h - a +0 ring mail
 m - a +0 chain mail (worn)
Jewellery
 e - a ring of protection from fire (left hand)
Scrolls
 c - a scroll of immolation
 f - a scroll of identify
 i - a scroll of random uselessness {unknown}
 j - a scroll of remove curse
 k - a scroll of recharging {unknown}


   Skills:
 - Level 3.0 Fighting
 * Level 5.1 Maces & Flails
 - Level 1.5 Armour
 - Level 1.5 Dodging


You had 4 spell levels left.
You didn't know any spells.

Dungeon Overview and Level Annotations

Branches:
Dungeon (3/15)

Altars:


Innate Abilities, Weirdness & Mutations

You do not eat or drink.
Your flesh is vulnerable to fire.
You are immune to poison.
Your flesh is cold resistant. (rC+)
You are immune to negative energy. (rN+++)
You are immune to unholy pain and torment.
You can survive without breathing.


Message History

* * * LOW HITPOINT WARNING * * *
The iguana bites you!
* * * LOW HITPOINT WARNING * * *
You are too injured to fight recklessly!
You are too injured to fight recklessly!
You are too injured to fight recklessly!
You are too injured to fight recklessly!
You are too injured to fight recklessly!
You are too injured to fight recklessly!
You are too injured to fight recklessly!
You are too injured to fight recklessly!
You are too injured to fight recklessly!
You are too injured to fight recklessly!
You are too injured to fight recklessly!
You are too injured to fight recklessly!
Unknown command.
Your skin crawls.
You feel resistant to hostile enchantments.
The iguana bites you!
You die...

.# .## # .. ..
#. .## # .#
....
#.#####.#..##
#.!..<......#
#....)@.##..#
#....l###
#.....).....#
.............>#
............###
............#
......(.....#
............#
.?..........#


You could see an iguana.

Vanquished Creatures
  Ijyb (D:2)
  Natasha (thrice) (D:2 D:1)
  Terence (D:2)
  An adder (D:2)
  2 oozes
  A worm (D:2)
  A giant gecko (D:1)
  7 bats
  7 giant cockroaches (D:1)
  2 goblins
  6 hobgoblins
  5 kobolds
  2 quokkas (D:2)
  5 giant newts
  13 rats
57 creatures vanquished.

Notes
Turn   | Place    | Note
-------+----------+-------------------------------------------
     0 | D:1      | Kurtz the Mummy Berserker began the quest for the Orb.
     0 | D:1      | Reached XP level 1. HP: 18/18 MP: 1/1
   180 | D:1      | Reached XP level 2. HP: 24/24 MP: 2/2
   200 | D:1      | Reached skill level 3 in Maces & Flails
   419 | D:1      | Reached ** piety under Trog
   585 | D:1      | Reached XP level 3. HP: 24/29 MP: 3/3
   902 | D:2      | Noticed Terence
   915 | D:2      | Killed Terence
  1166 | D:2      | Reached skill level 4 in Maces & Flails
  1193 | D:2      | Noticed Ijyb
  1210 | D:2      | Killed Ijyb
  1210 | D:2      | Reached XP level 4. HP: 26/35 MP: 4/4
  1343 | D:2      | Noticed Natasha
  1370 | D:2      | Killed Natasha
  1861 | D:2      | Reached XP level 5. HP: 29/41 MP: 5/5
  1903 | D:2      | Noticed Natasha
  1912 | D:1      | Killed Natasha
  2158 | D:1      | Reached skill level 5 in Maces & Flails
  2228 | D:1      | Noticed Natasha
  2244 | D:1      | Killed Natasha
  2244 | D:1      | Reached *** piety under Trog
  2449 | D:3      | HP: 1/41 [iguana (11)]
  2451 | D:3      | Mangled by an iguana

Vault maps used:
D:1:      dpeg_arrival_prison
D:2:      kennysheep_six_static_rooms, hex_medium, minmay_misc_feat_cross,
          uniq_natasha, uniq_terence, uniq_iyjb
D:3:      lemuel_doored_altar, lemuel_round_altar, first_bread

Skill      XL: |  1  2  3  4  5 |
---------------+----------------+-----
Maces & Flails | 3 4 5 |  5.1
Fighting       | |  3.0
Armour         | |  1.5
Dodging        | |  1.5

Action                   |  1- 3 |  4- 6 || total
-------------------------+-------+-------++-------
Melee: Mace              |    76 |       ||    76
       Flail             |    41 |   110 ||   151
Invok: Trog's Hand       |       |     2 ||     2
  Use: Scroll            |       |     3 ||     3
 Stab: Sleeping          |     3 |       ||     3
Armor: Animal skin       |    28 |       ||    28
       Ring mail         |    15 |    40 ||    55
       Chain mail        |       |    21 ||    21
Dodge: Dodged            |    89 |    68 ||   157
